 Dungeon Crawl Stone Soup version 0.31.0-1-g2c135a008e (webtiles) character file.

Game seed: 17621057161771045460

59 qw the Shooter (level 4, 0/34 HPs)
             Began as a Djinni Hunter on Jan 23, 2024.
             Slain by Terence
             ... wielding a +2 mace of venom
              (6 damage)
             ... on level 3 of the Dungeon.
             The game lasted 00:00:05 (1508 turns).

qw the Shooter (Djinni Hunter)                      Turns: 1508, Time: 00:00:05

Health: 0/34       AC:  5    Str: 10    XL:     4   Next: 22%
Gold:   115        EV: 16    Int: 10    God:
                   SH:  0    Dex: 19

rFire   + + .        a - +0 shortbow
rCold   x . .        (shield currently unavailable)
rNeg    . . .        h - +0 ring mail
rPois   inf          (no helmet)
rElec   .            (no cloak)
rCorr   .            (no gloves)
SInv    .            (boots unavailable)
Will    .....        (no amulet)
Stlth   +            f - +5 ring of evasion
HPRegen 0.25/turn    (no ring)
MPRegen 0.00/turn

%: infuse magic (-1 HP)
@: flying
A: sickness immunity, fire resistance 2, cold vulnerability 1, float, innate
caster, HP casting, extra vitality 1
a: no special abilities


You were on level 3 of the Dungeon.
You visited 1 branch of the dungeon, and saw 3 of its levels.

You collected 115 gold pieces.


Innate Abilities, Weirdness & Mutations

You are immune to sickness and miasma.
You are immune to poison.
Your flesh is very heat resistant. (rF++)
You are vulnerable to cold. (rC-)
You float through the air rather than walking.
You learn spells naturally, not from books.
Your magical power is your life essence.
You have superior vitality. (+4 MHP)


   Skills:
 + Level 2.8 Fighting
 - Level 4.0 Ranged Weapons
 - Level 1.2 Armour
 - Level 2.1 Dodging
 - Level 0.7 Stealth


You knew the following spells:

 Your Spells              Type           Power      Damage    Failure   Level
a - Slow                  Hex            0%         N/A       67%         1
Your spell library was empty.

Inventory:

Hand Weapons
 a - a +0 shortbow (weapon)
Armour
 h - a +0 ring mail (worn)
Jewellery
 f - a +5 ring of evasion (left hand)
Wands
 b - a wand of iceblast (12)
Scrolls
 i - a scroll of brand weapon {unknown}
Potions
 c - a potion of resistance {unknown}
 d - a potion of brilliance {unknown}
 e - a potion of curing
 g - a potion of heal wounds {unknown}

Dungeon Overview and Level Annotations

Branches:
Dungeon (3/15)

Altars:

Annotations:
D:3 Terence


Message History

Terence barely misses you.
You shoot an arrow.
The arrow hits Terence but does no damage.
Terence is lightly wounded.
Terence completely misses you. Terence barely misses you.
You shoot an arrow. The arrow hits Terence.
Terence is moderately wounded.
Terence barely misses you.
You shoot an arrow.
The arrow hits Terence but does no damage.
Terence is moderately wounded.
Terence barely misses you.
You shoot an arrow.
The arrow hits Terence but does no damage.
Terence is moderately wounded.
Terence hits you with a +2 mace of venom.
Terence closely misses you.
You shoot an arrow.
The arrow hits Terence but does no damage.
Terence is moderately wounded.
Terence hits you with a +2 mace of venom!
You shoot an arrow. The arrow hits Terence.
Terence is heavily wounded.
Terence hits you with a +2 mace of venom.
You shoot an arrow. The arrow hits Terence.
Terence is almost dead.
Terence closely misses you. Terence barely misses you.
You shoot an arrow.
The arrow hits Terence but does no damage.
Terence is severely wounded.
Terence hits you with a +2 mace of venom!
You shoot an arrow.
The arrow hits Terence but does no damage.
Terence is severely wounded.
Terence hits you with a +2 mace of venom.
You shoot an arrow. The arrow closely misses Terence.
Terence misses you.
Terence hits you with a +2 mace of venom.
You die...
Terence says, "That felt goooood."

## #### ## .#
###...
##.###.#
##.....
#.##......#
#......
#.....@...#
##...### #@#
#...## #.#
##...# #%###
####...##
#...###......#
###.#.......##
#.......###
##...####
#####


You could see Terence.

Vanquished Creatures
  2 adders (D:2)
  A dart slug (D:1)
  A ribbon worm (D:3)
  3 bats (D:1)
  3 giant cockroaches
  3 goblins
  5 hobgoblins
  3 quokkas
  4 ball pythons
  4 frilled lizards
  3 kobolds (D:1)
  4 rats
36 creatures vanquished.

Notes
Turn   | Place    | Note
-------+----------+-------------------------------------------
     0 | D:1      | qw the Djinni Hunter began the quest for the Orb.
     0 | D:1      | Reached XP level 1. HP: 18/18 MP: 0/0
     0 | D:1      | 0 ||| qw: Version: 0.3-a-135-gb77e89d
     0 | D:1      | 0 ||| qw: Game counter: 908
     0 | D:1      | 0 ||| qw: Melee chars always use a shield: true
     0 | D:1      | 0 ||| qw: God list: Okawaru
     0 | D:1      | 0 ||| qw: Allow faded altars: false
     0 | D:1      | 0 ||| qw: Do Orc after clearing Dungeon:15 true
     0 | D:1      | 0 ||| qw: Do second Lair branch before Depths: true
     0 | D:1      | 0 ||| qw: Lair rune preference: random
     0 | D:1      | 0 ||| qw: Goals: Normal
     0 | D:1      | 0 ||| PLANNING D:1-11
   205 | D:1      | Reached XP level 2. HP: 22/23 MP: 0/0
   434 | D:1      | Reached XP level 3. HP: 28/28 MP: 0/0
   434 | D:1      | Learned a level 1 spell: Slow
   643 | D:1      | Reached skill level 4 in Ranged Weapons
   670 | D:1      | 670 ||| UPGRADING to +0 ring mail.
   680 | D:1      | 680 ||| DROPPING +0 leather armour.
   681 | D:1      | 681 ||| UPGRADING to +5 ring of evasion.
   682 | D:1      | 682 ||| READING scroll labelled TEESID ZISSIN.
   683 | D:1      | 683 ||| DRINKING 2 sedimented black potions.
   684 | D:1      | 684 ||| DROPPING scroll of butterflies.
   892 | D:2      | Reached skill level 1 in Armour
  1347 | D:3      | 1347 ||| STAIRDANCE
  1355 | D:3      | 1355 ||| STAIRDANCE
  1367 | D:2      | Reached XP level 4. HP: 33/34 MP: 0/0
  1492 | D:3      | Noticed Terence
  1507 | D:3      | HP: 5/34 [Terence/+2 mace of venom (4)]
  1508 | D:3      | Slain by Terence

Levels and vault maps discovered:
D:1:      dpeg_arrival_tiny_d, layout_basic
D:2:      layout_basic
D:3:      layout_basic, amcnicky_altar_gilded, nicolae_qazlal_general_emergency,
          serial_shops, shop_fountains, nicolae_shop_real_fake_doors, shop,
          serial_curves, eino_curves_04, eino_curves_02, eino_curves_03,
          eino_curves_01, guppyfry_early_lair_pool, uniq_terence

Skill      XL: |  1  2  3 |
---------------+----------+-----
Ranged Weapons | 4 |  4.0
Armour         | 1 |  1.2
Fighting       | |  2.8
Dodging        | |  2.1
Stealth        | |  0.7

Action                     |  1- 3 |  4- 6 || total
---------------------------+-------+-------++-------
   Fire: Shortbow          |    89 |    27 ||   116
    Use: Scroll            |     1 |       ||     1
         Potion            |     1 |       ||     1
 Armour: Leather armour    |     8 |       ||     8
         Ring mail         |    11 |    11 ||    22
  Dodge: Dodged            |    42 |    16 ||    58

Table legend:
 A = Non-vault XP
 B = Vault XP
 C = Vault XP percentage of total XP
 D = Non-vault monster count
 E = Vault monster count
 F = Vault count percentage of total count
                 A         B        C        D         E       F
            +---------+---------+-------+---------+---------+-------
      Total |      85 |       0 |   0.0 |      36 |       0 |   0.0
            +---------+---------+-------+---------+---------+-------
        D:1 |      34 |       0 |   0.0 |      20 |       0 |   0.0
        D:2 |      42 |       0 |   0.0 |      12 |       0 |   0.0
        D:3 |       9 |       0 |   0.0 |       4 |       0 |   0.0
            +---------+---------+-------+---------+---------+-------
